 Dungeon Crawl Stone Soup version 0.32-a0-616-g9348d4545b (webtiles) character file.

Game seed: 11605537608932689326

219 ezpacito the Trooper (level 5, -1/36 (42) HPs)
             Began as a Coglin Chaos Knight on Mar 6, 2024.
             Was a Plaything of Xom.
             Slain by a wight
             ... wielding a +3 halberd
              (2 damage)
             ... on level 4 of the Dungeon.
             The game lasted 00:05:10 (2520 turns).

ezpacito the Trooper (Coglin Chaos Knight)          Turns: 2520, Time: 00:05:10

HP:   -1/36 (42)    AC:  5    Str: 15    XL:     5   Next: 96%
MP:   5/5           EV: 12    Int: 11    God:    Xom [.*....]
Gold: 252           SH:  0    Dex: 13    Spells: 4/4 levels left

rFire   . . .        a - +0 hand axe (chaos) {Kiko}
rCold   . . .        t - +1 whip (drain) {Lucía}
rNeg    . . .        b - +2 leather armour
rPois   .            (no helmet)
rElec   .            (no cloak)
rCorr   .            (no gloves)
SInv    .            (no boots)
Will    .....        (amulet unavailable)
Stlth   +            (ring unavailable)
HPRegen 0.26/turn    (ring unavailable)
MPRegen 0.09/turn    (no gizmo)

%: no passive effects
@: heavily drained
A: off-hand wielding, slow wielding, warmup strikes, no jewellery
a: Invent Gizmo, Renounce Religion


You were on level 4 of the Dungeon.
You worshipped Xom.
You were a plaything of Xom.
You visited 1 branch of the dungeon, and saw 4 of its levels.

You collected 252 gold pieces.

Inventory:

Hand Weapons
 a - a +0 hand axe of chaos (weapon) {Kiko}
 t - a +1 whip of draining (offhand) {Lucía}
 x - a +0 trident
Missiles
 f - 3 boomerangs
 o - 3 poisoned darts
Armour
 b - a +2 leather armour (worn)
 m - a +0 plate armour
Wands
 s - a wand of flame (16)
Scrolls
 d - a scroll of fear {unknown}
 g - 2 scrolls of teleportation {unknown}
 h - 3 scrolls of noise {unknown}
 j - a scroll of torment {unknown}
 p - 2 scrolls of enchant armour {unknown}
 w - a scroll of revelation {unknown}
Potions
 e - 2 potions of attraction
 k - a potion of degeneration {unknown}
 n - a potion of resistance
 q - a potion of curing
 r - a potion of brilliance {unknown}
 u - a potion of mutation {unknown}
 v - a potion of cancellation


   Skills:
 * Level 3.9 Fighting
 * Level 3.9(4.0) Axes
 + Level 1.2(2.6) Polearms
 * Level 2.8 Armour
 * Level 2.3 Dodging
 + Level 1.2 Stealth


You had 4 spell levels left.
You didn't know any spells.
Your spell library contained the following spells:

 Spells                   Type           Power      Damage    Failure   Level
 Magic Dart               Conj           0%         1d3       41%         1
 Blink                    Tloc           0%         N/A       54%         2
 Call Imp                 Summ           0%         N/A       54%         2
 Lesser Beckoning         Tloc           0%         N/A       54%         2
 Gell's Gravitas          Tloc           0%         N/A       78%         3
 Teleport Other           Tloc           0%         N/A       78%         3


Dungeon Overview and Level Annotations

Branches:
Dungeon (4/15)
 Temple: D:4-7

Altars:

Shops:
D:3 :


Innate Abilities, Weirdness & Mutations

You can wield a second weapon in your off-hand.
It takes a long time for you to wield or remove held weapons.
Your first few attacks do less damage.
You cannot equip rings or amulets.


Message History

You take 9 damage, and have 10/39 hp.
MASSIVE DAMAGE!!
As you read the scroll of butterflies, it crumbles to dust.
You hear the flapping of tiny wings.
The wight is knocked back by the sudden gust. x2
You feel much better.
The wight hits your butterfly with a +0 long sword!
Your butterfly is killed!
Your butterfly disappears in a burst of colours!
The wight completely misses your butterfly.
You regained 20 hp, and now have 30/39 hp.
You swap places.
The wight closely misses your butterfly.
You swap places.
The wight barely misses your butterfly.
You swap places.
The wight closely misses your butterfly.
The wight barely misses your butterfly.
You swap places.
The wight is no longer weakened.
The wight hits something with a +0 long sword!
The wight hits your butterfly with a +3 halberd.
Your butterfly dies!
Your butterfly disappears in a burst of colours!
Something barely misses your butterfly.
You swap places.
The wight completely misses something.
The wight barely misses your butterfly.
There is an open door here.
The wight completely misses your butterfly.
You swap places.
The wight misses your butterfly.
The wight hits you from afar with a +3 halberd!
You feel drained.
There is an open door here.
You take 12 damage, and have 21/38 hp.
MASSIVE DAMAGE!!
You swap places.
Xom opens a gate.
The wight completely misses your butterfly.
The wight hits you with a +3 halberd!!
Ouch! That really hurt!
* * * LOW HITPOINT WARNING * * *
You feel drained.
You die...
Xom snickers!

#.....................#
#.....................'
#..............#.#....#
..#####'##'#######.#....#
........b#<....###.######
###+##..b#b......#.#
#§≈.≈#b.b#5..#####.#
+§§§≈#bbb'.b......^#
#§§.)'bb@#.b.#######
#≈.b≈#.zb#b....#
##+###bbb#........
#..bbbbz#........
##..bbbb#........
#.bbbbb#........
#...b..+........ #......#
.......#


You could see 2 wights and a friendly shadow imp (summoned, wandering).

Vanquished Creatures
  2 bombardier beetles (D:4)
  A sleepcap (D:4)
  An iguana (D:4)
  2 adders
  A dart slug (D:2)
  A ribbon worm (D:4)
  2 orcs (D:3)
  7 endoplasms
  3 giant cockroaches
  14 goblins
  8 hobgoblins
  5 jackals
  4 kobolds
  A quokka (D:3)
  6 ball pythons
  8 bats
  3 frilled lizards
  2 rats
71 creatures vanquished.

Notes
Turn   | Place    | Note
-------+----------+-------------------------------------------
     0 | D:1      | ezpacito the Coglin Chaos Knight began the quest for the
                  | Orb.
     0 | D:1      | Reached XP level 1. HP: 18/18 MP: 1/1
    16 | D:1      | Reached skill level 1 in Dodging
    54 | D:1      | Reached XP level 2. HP: 20/24 MP: 2/2
   220 | D:1      | XOM: silly message
   237 | D:1      | Reached XP level 3. HP: 29/29 MP: 3/3
   467 | D:1      | Found a faded altar of an unknown god.
   667 | D:2      | XOM: stealth player
  1473 | D:3      | Found Leberghuka's Book Shop.
  1478 | D:3      | Reached XP level 4. HP: 35/35 MP: 4/4
  1699 | D:3      | XOM: silly message
  1805 | D:3      | Reached skill level 1 in Polearms
  2255 | D:4      | Reached XP level 5. HP: 42/42 MP: 5/5
  2304 | D:4      | XOM: swap monsters
  2313 | D:4      | Reached skill level 1 in Stealth
  2384 | D:4      | XOM: butterfly on damage
  2520 | D:4      | XOM: summons friendly shadow imp
  2520 | D:4      | HP: 1/38 [wight/+3 halberd (20)]
  2520 | D:4      | Slain by a wight

Illustrated notes

Levels and vault maps discovered:
D:1:      minmay_arrival_diagonal_passages, layout_rooms,
          dilly_ecumenical_altar_fadedgnrine, chequers_serial_rivers_marsh,
          serial_bayou_pond_e, chequers_serial_rivers_small_a, st_stairs_8,
          chequers_mini_garden
D:2:      layout_basic
D:3:      layout_loops_cross, serial_shops, nicolae_diamond_shop,
          wad_rectangle_vault
D:4:      layout_gridville, corner_web_ring, kennysheep_generic_room_14

Skill      XL: |  1  2  3  4  5 |
---------------+----------------+-----
Dodging        | 1 2 |  2.3
Armour         | 2 |  2.8
Polearms       | 1 |  1.2
Stealth        | 1 |  1.2
Fighting       | |  3.9
Axes           | |  3.9

Action                     |  1- 3 |  4- 6 || total
---------------------------+-------+-------++-------
  Melee: Hand axe          |    61 |    73 ||   134
         Dagger            |     4 |       ||     4
         Short sword       |    54 |    31 ||    85
         Whip              |       |    42 ||    42
    Use: Scroll            |       |     6 ||     6
         Potion            |       |     2 ||     2
   Stab: Sleeping          |     1 |     1 ||     2
 Armour: Leather armour    |    27 |    43 ||    70
  Dodge: Dodged            |    40 |    36 ||    76

Table legend: (Time is in decaauts)
 A = Elapsed time spent in this place.
 B = Non-inter-level travel time spent in this place.
 C = Inter-level travel time spent in this place.
 D = Time resting spent in this place.
 E = Time spent auto-exploring this place.
 F = Levels seen in this place.
 G = Mean time per level.
                   A        B        C        D        E       F      G
               +--------+--------+--------+--------+--------+-----+--------+
         Total |   2516 |   2337 |    179 |      0 |   1896 |   4 |  629.0 |
       Dungeon |   2516 |   2337 |    179 |      0 |   1896 |   4 |  629.0 |
               +--------+--------+--------+--------+--------+-----+--------+

Top non-repeatable levels by time:
     D:2: 801 daAuts
     D:3: 721 daAuts
     D:1: 669 daAuts
     D:4: 323 daAuts
